 Dungeon Crawl Stone Soup version 0.25-a0-1119-g28b6fd0c3b (webtiles) character file.

Game seed: 5552326953025330145, levelgen mode: deterministic

4065 MadStranger the Basher (level 10, 0/88 HPs)
             Began as a Minotaur Fighter on May 18, 2020.
             Was a Priest of Fedhas.
             Slain by a vault guard
             ... wielding a +0 long sword
              (11 damage)
             ... on level 10 of the Dungeon.
             The game lasted 01:20:51 (5766 turns).

MadStranger the Basher (Minotaur Fighter)           Turns: 5766, Time: 01:20:52

Health: 0/88       AC: 13    Str: 25      XL:     10   Next: 5%
Magic:  0/9        EV:  7    Int:  5      God:    Fedhas [***...]
Gold:   344        SH: 11    Dex:  8 (9)  Spells: 9/9 levels left

rFire    + + .     SeeInvis .   W - +1 flail (venom)
rCold    + + .     Gourm    .   c - +0 kite shield
rNeg     . . .     Faith    .   x - +0 plate armour
rPois    .         Spirit   +   (helmet restricted)
rElec    +         Reflect  .   J - scarf {rC+ rF+}
rCorr    .         Harm     .   (no gloves)
MR       .....     Clarity  +   (no boots)
Stlth    ..........             U - amulet of guardian spirit
HPRegen  0.24/turn              s - ring of protection from cold
MPRegen  0.11/turn              (no ring)

@: no status effects
A: retaliatory headbutt, horns 2, clarity, deterioration 1, fire resistance 1,
electricity resistance
a: Wall of Briars, Grow Ballistomycete, Renounce Religion


You were on level 10 of the Dungeon.
You worshipped Fedhas.
Fedhas was most pleased with you.
You were not hungry.

You visited 1 branch of the dungeon, and saw 9 of its levels.

You collected 344 gold pieces.

Inventory:

Hand Weapons
 a - a +0 dire flail
 b - a +0 rapier
 g - a +2 dagger of speed
 v - a cursed -2 war axe
 I - a +2 dagger of speed
 P - a +3 hand axe
 S - a +1 broad axe of flaming
 W - a +1 flail of venom (weapon)
 Z - a +0 shortbow
Missiles
 e - 42 arrows
 k - 58 sling bullets
 o - 275 stones (quivered)
 r - 6 javelins
 t - 69 bolts
 y - 2 throwing nets
Armour
 c - a +0 kite shield (worn)
 x - a +0 plate armour (worn)
 z - a +0 helmet
 A - a +0 robe of cold resistance
 B - a scarf of harm
 J - a scarf of resistance (worn)
 O - a +2 buckler
 T - +0 steam dragon scales
Magical Staves
 h - an uncursed staff of cold {unknown}
Jewellery
 s - a ring of protection from cold (left hand)
 F - an uncursed amulet of reflection {unknown}
 U - an amulet of guardian spirit (around neck)
Wands
 H - a wand of flame (17)
 Y - a wand of iceblast (17)
Scrolls
 i - a scroll of enchant weapon {unknown}
 m - 2 scrolls of amnesia
 w - 5 scrolls of remove curse
 E - 3 scrolls of identify
 K - a scroll of noise {unknown}
 N - a scroll of fear {unknown}
 Q - a scroll of enchant armour {unknown}
 V - 4 scrolls of magic mapping
 X - a scroll of blinking {unknown}
Potions
 d - a potion of might
 j - 2 potions of curing
 l - a potion of mutation
 n - 2 potions of flight
 q - 2 potions of haste
Comestibles
 f - 5 rations


   Skills:
 + Level 7.9 Fighting
 + Level 5.7(8.3) Axes
 + Level 9.4(10.1) Maces & Flails
 + Level 3.1 Throwing
 + Level 8.0 Armour
 + Level 3.3 Dodging
 + Level 0.9 Stealth
 + Level 7.9 Shields


You had 9 spell levels left.
You didn't know any spells.
Your spell library contained the following spells:

 Spells                   Type           Power        Failure   Level  Hunger
 Magic Dart               Conj           #...         100%        1    ##.....
 Blink                    Tloc           N/A          100%        2    ###....
 Call Imp                 Summ           #.......     100%        2    ###....
 Slow                     Hex            #.......     100%        2    ###....
 Conjure Flame            Conj/Fire      #.......     100%        3    ####...
 Mephitic Cloud           Conj/Pois/Air  #.......     100%        3    ####...


Dungeon Overview and Level Annotations

Branches:
Dungeon (8/15)               Lair (0/6) D:10
 Temple: D:4-7

Altars:
Fedhas
Hepliaklqana
Makhleb
Qazlal
Ru
Trog
Vehumet
Xom

Annotations:
D:5 3 runed translucent doors, defa's ghost, novice DECj
D:6 exclusion: statue


Innate Abilities, Weirdness & Mutations

You reflexively headbutt those who attack you in melee.
You have a pair of horns on your head.
You possess an exceptional clarity of mind.
Your body sometimes deteriorates upon taking damage.
Your flesh is heat resistant. (rF+)
You are resistant to electric shocks. (rElec)


Message History

The vault guard is lightly wounded.
The vault guard hits you with a +0 long sword!
* * * LOW HITPOINT WARNING * * *
You hit the vault guard.
The vault guard is poisoned.
Your headbutt misses the vault guard.
The vault guard is lightly wounded.
You hit the vault guard.
The vault guard is lightly wounded.
You block the vault guard's attack.
You closely miss the vault guard.
The vault guard is lightly wounded.
You block the vault guard's attack.
Your plate armour prevents you from hitting the vault guard.
The vault guard is lightly wounded.
You block the vault guard's attack.
You barely miss the vault guard. Your headbutt misses the vault guard.
The vault guard is moderately wounded.
The vault guard hits you with a +0 long sword!
You die...
Fedhas appreciates your contribution to the ecosystem.

##+## #§§≈# . #§§.#
..## #≈.≈ ....##
#'## ..P.P.# #.p#
$...♣..####@#
........# #†#####..
.......t###(.......
.P....♣P..#(.......
PPP♣..ttP.(..(.....
.>PP....P...######.
P..rP..Y...#
......P♣...(#
..P.....+#..#


You could see a vault guard (very poisoned).

Vanquished Creatures
  A two-headed ogre (D:7)
  Maggie (D:6)
  A hippogriff (D:7)
  Sigmund (D:6)
  3 yaks (D:10)
  Menkaure (D:6)
  An orc warrior (D:7)
  3 porcupines (D:10)
  An ice beast (D:7)
  A sky beast (D:6)
  2 phantoms (D:7)
  2 ogres
  2 centaurs
  4 crocodiles (D:10)
  2 bullfrogs (D:6)
  A scorpion (D:6)
  A howler monkey (D:6)
  3 crimson imps
  A bullfrog zombie (D:5)
  A centaur zombie (D:7)
  3 hounds
  2 bullfrog skeletons
  2 jellies (D:6)
  2 orc wizards
  3 worker ants
  A hound skeleton (D:6)
  2 howler monkey zombies
  A worker ant zombie (D:5)
  7 adders
  4 gnolls (D:5)
  A howler monkey skeleton (D:5)
  A shadow imp (D:6)
  An ooze (D:6)
  3 adder zombies
  A worm (D:2)
  3 dart slugs
  2 leopard geckos
  21 orcs
  4 ball pythons
  5 giant cockroaches
  3 goblins
  5 hobgoblins
  15 jackals
  2 quokkas
  A ball python skeleton (D:5)
  5 bats
  7 frilled lizards
  6 kobolds
  A quokka skeleton (D:5)
  6 rats
153 creatures vanquished.

Vanquished Creatures (others)
  4 plants (D:10)
4 creatures vanquished.

Grand Total: 157 creatures vanquished

Notes
Turn   | Place    | Note
-------+----------+-------------------------------------------
     0 | D:1      | MadStranger the Minotaur Fighter began the quest for the
                  | Orb.
     0 | D:1      | Reached XP level 1. HP: 19/19 MP: 0/0
   437 | D:1      | Reached XP level 2. HP: 27/27 MP: 1/1
   939 | D:2      | Reached XP level 3. HP: 20/33 MP: 2/2
  1225 | D:2      | Found a blossoming altar of Fedhas.
  1231 | D:2      | Became a worshipper of Fedhas Madash
  1556 | D:2      | Reached XP level 4. HP: 38/40 MP: 3/3
  1850 | D:3      | Reached * piety under Fedhas
  2029 | D:3      | Found a bloodstained altar of Trog.
  2360 | D:3      | Reached XP level 5. HP: 46/46 MP: 4/4
  2552 | D:3      | Found a sacrificial altar of Ru.
  2628 | D:5      | Entered Level 5 of the Dungeon
  2647 | D:5      | Found a runed translucent gate.
  2647 | D:5      | Found a runed translucent gate.
  2647 | D:5      | Found a runed translucent gate.
  2647 | D:5      | Noticed defa's ghost (novice DECj)
  2653 | D:5      | Reached skill level 5 in Armour
  2724 | D:5      | Found a burning altar of Makhleb.
  2779 | D:5      | Noticed an ogre
  2780 | D:5      | Noticed a centaur
  2787 | D:5      | Killed an ogre
  2787 | D:5      | Reached skill level 5 in Axes
  2787 | D:5      | Reached skill level 5 in Shields
  2787 | D:5      | Reached XP level 6. HP: 34/53 MP: 5/5
  3006 | D:5      | Reached skill level 1 in Maces & Flails
  3008 | D:5      | Reached ** piety under Fedhas
  3115 | D:5      | Reached XP level 7. HP: 60/60 MP: 6/6
  3532 | D:5      | Found a hazy altar of Hepliaklqana.
  3698 | D:6      | Reached skill level 1 in Dodging
  3746 | D:6      | Reached skill level 2 in Maces & Flails
  3766 | D:6      | Noticed Sigmund
  3791 | D:6      | Killed Sigmund
  3791 | D:6      | Reached skill level 3 in Maces & Flails
  3791 | D:6      | Reached skill level 1 in Throwing
  3847 | D:6      | Reached skill level 4 in Maces & Flails
  3994 | D:6      | Noticed Menkaure
  4010 | D:6      | Reached skill level 5 in Maces & Flails
  4010 | D:6      | Reached XP level 8. HP: 42/67 MP: 2/7
  4014 | D:6      | Reached skill level 5 in Fighting
  4019 | D:6      | Killed Menkaure
  4090 | D:6      | Reached *** piety under Fedhas
  4101 | D:6      | Noticed Maggie
  4132 | D:6      | Killed Maggie
  4132 | D:6      | Reached skill level 6 in Maces & Flails
  4268 | D:6      | Found a radiant altar of Vehumet.
  4310 | D:6      | Found a shimmering altar of Xom.
  4682 | D:7      | Noticed a two-headed ogre
  4683 | D:7      | Noticed a hippogriff
  4716 | D:7      | Killed a two-headed ogre
  4716 | D:7      | Reached skill level 7 in Maces & Flails
  4716 | D:7      | Reached XP level 9. HP: 14/78 MP: 2/8
  4848 | D:7      | Gained mutation: Your flesh is heat resistant. (rF+)
                  | [potion of mutation]
  4848 | D:7      | Gained mutation: You are resistant to electric shocks.
                  | (rElec) [potion of mutation]
  4848 | D:7      | Gained mutation: Your body sometimes deteriorates upon
                  | taking damage. [potion of mutation]
  4848 | D:7      | Gained mutation: You possess an exceptional clarity of
                  | mind. [potion of mutation]
  5265 | D:7      | Reached skill level 8 in Maces & Flails
  5632 | D:7      | Found a stormy altar of Qazlal.
  5692 | D:8      | You fall into a shaft and drop 2 floors!
  5692 | D:10     | Entered Level 10 of the Dungeon
  5693 | D:10     | Found a staircase to the Lair.
  5724 | D:10     | Reached skill level 9 in Maces & Flails
  5746 | D:10     | Noticed a vault guard
  5750 | D:10     | Reached XP level 10. HP: 14/88 MP: 9/9
  5766 | D:10     | Slain by a vault guard

Illustrated notes

Levels and vault maps discovered:
D:1:      wander_arrival_estate, layout_basic
D:2:      layout_loops_ring, fedhas_altar_4, first_ration
D:3:      layout_rooms, nicolae_ru_path_of_blood, bloody_trog
D:4:      layout_basic, eat_drink_and_be_merry_uskayaw,
          minmay_temple_entry_ruins, cheibrodos_sewer_entry_bend, st_stairs_7
D:5:      layout_basic, makhleb_heckhound_becter, kennysheep_mini,
          gammafunk_ghost_necromancy
D:6:      layout_rooms, vehumet_statue, basic_altar, uniq_sigmund, uniq_maggie,
          uniq_menkaure
D:7:      layout_basic, grunt_qazlal_sundering
D:8:      layout_rooms, kennysheep_little_box, enter_bailey_2
D:10:     layout_irregular_city, minmay_lair_entry_grove, orc_0_dummy,
          enter_trove_5, minmay_misc_feat_room, grunt_ogre_cave,
          minmay_orc_keep, uniq_erica

Skill      XL: |  1  2  3  4  5  6  7  8  9 10 |
---------------+-------------------------------+-----
Armour         | 4 5 6 7 8 |  8.0
Axes           | 3 4 5 |  5.7
Shields        | 4 5 7 |  7.9
Fighting       | 4 6 7 |  7.9
Maces & Flails | 1 5 7 9 |  9.4
Dodging        | 1 2 3 |  3.3
Throwing       | 1 2 3 |  3.1
Stealth        | |  0.9

Action                   |  1- 3 |  4- 6 |  7- 9 | 10-12 || total
-------------------------+-------+-------+-------+-------++-------
Melee: War axe           |    98 |   114 |       |       ||   212
       Headbutt          |     6 |    26 |    45 |     2 ||    79
       Flail             |       |    47 |   222 |    12 ||   281
Throw: Stone             |       |    23 |    48 |       ||    71
  Use: Scroll            |     2 |       |     4 |       ||     6
       Potion            |       |       |     7 |       ||     7
  Eat: Chunk             |     2 |     1 |     3 |       ||     6
       Ration            |     1 |       |     2 |       ||     3
Armor: Scale mail        |    12 |       |       |       ||    12
       Chain mail        |    24 |    93 |    46 |       ||   163
       Steam dragon scal |       |       |    10 |       ||    10
       Plate armour      |       |       |    18 |     2 ||    20
Dodge: Dodged            |    36 |    54 |    39 |     6 ||   135
Block: Kite shield       |    46 |   100 |    96 |     4 ||   246

Table legend:
 A = Non-vault XP
 B = Vault XP
 C = Vault XP percentage of total XP
 D = Non-vault monster count
 E = Vault monster count
 F = Vault count percentage of total count
                 A         B        C        D         E       F
            +---------+---------+-------+---------+---------+-------
      Total |    3563 |    2245 |  38.7 |     139 |      14 |   9.2
            +---------+---------+-------+---------+---------+-------
        D:1 |      20 |       0 |   0.0 |      14 |       0 |   0.0
        D:2 |      91 |       0 |   0.0 |      28 |       0 |   0.0
        D:3 |     110 |       0 |   0.0 |      25 |       0 |   0.0
        D:5 |     478 |      42 |   8.1 |      21 |       1 |   4.5
        D:6 |     761 |     745 |  49.5 |      24 |       3 |  11.1
        D:7 |    2103 |       0 |   0.0 |      27 |       0 |   0.0
       D:10 |       0 |    1458 | 100.0 |       0 |      10 | 100.0
            +---------+---------+-------+---------+---------+-------
